 Dungeon Sprint DCSS version 0.23.1 (webtiles) character file.

Game seed: 17516675336486603008

3927 nuthulu the Grappler (level 10, -1/113 HPs)
             Began as a Troll Monk on Mar 7, 2019.
             Was the Champion of Yredelemnul.
             Slain by Agnes
             ... wielding a +0 lajatang
              (10 damage)
             ... in the Dungeon (Sprint IV: "Fedhas' Mad Dash").
             The game lasted 00:03:28 (1157 turns).

nuthulu the Grappler (Troll Monk)                   Turns: 1157, Time: 00:03:28

Health: -1/113     AC:  6    Str: 24    XL:     10   Next: 1%
Magic:  14/14      EV: 15    Int:  6    God:    Yredelemnul [******]
Gold:   141        SH:  0    Dex: 12    Spells: 9/9 levels left

rFire    . . .     SeeInvis .     - Unarmed
rCold    . . .     Gourm    +   (no shield)
rNeg     + . .     Faith    .   a - +0 robe
rPois    .         Spirit   .   (helmet restricted)
rElec    .         Reflect  .   (no cloak)
rCorr    .         Harm     .   (gloves unavailable)
MR       .....     NoTele   +   (boots unavailable)
Stlth    ++........             i - amulet of invisibility {+Inv}
HPRegen  0.68/turn              c - ring of positive energy
MPRegen  0.14/turn              (no ring)

@: injury mirror
A: large, unfitting armour, claws 3, fast metabolism 3, gourmand, regeneration
1, shaggy fur 1, tough skin 3
a: Recall Undead Slaves, Injury Mirror, Animate Dead, Drain Life, Enslave Soul,
Renounce Religion, Evoke Invisibility


You were in the Dungeon.
You worshipped Yredelemnul.
Yredelemnul was exalted by your worship.
You were not hungry.

You visited 1 branch You collected 191 gold pieces.
You spent 50 gold pieces at shops.

Inventory:

Missiles
 k - a throwing net (quivered)
Armour
 a - a +0 robe (worn)
Jewellery
 c - a ring of positive energy (left claw)
 i - the amulet of invisibility (around neck) {+Inv}
   (You found it in the Dungeon)

   [amulet of nothing]

   It lets you turn invisible.
Scrolls
 h - a scroll of blinking
 j - a scroll of enchant armour {unknown}
 l - a scroll of amnesia {unknown}
Potions
 f - 2 potions of magic
 g - a potion of berserk rage
Comestibles
 b - 2 rations


   Skills:
 + Level 11.0 Fighting
 + Level 11.0 Dodging
 - Level 1.0 Stealth
 + Level 12.7 Unarmed Combat
 + Level 7.7 Invocations


You had 9 spell levels left.
You didn't know any spells.
Your spell library contained the following spells:

 Spells                   Type           Power        Failure   Level  Hunger
 Animate Skeleton         Necr           N/A          45%         1    ##.....
 Apportation              Tloc           #.....       45%         1    ##.....
 Confusing Touch          Hex            #.....       45%         1    ##.....
 Summon Small Mammal      Summ           #...         45%         1    ##.....


Dungeon Overview and Level Annotations

Branches:
Dungeon (1/1)

Altars:
Cheibriados
Dithmenos
Elyvilon
Gozag
Hepliaklqana
Kikubaaqudgha
Makhleb
Nemelex Xobeh
Okawaru
Qazlal
Ru
Sif Muna
Trog
Uskayaw
Vehumet
Wu Jian
Xom
Yredelemnul
Zin
The Shining One
Beogh
Jiyva
Lugonu

Shops:
D !(((

Annotations:
D Agnes


Innate Abilities, Weirdness & Mutations

You are too large for most types of armour.
You have claws for hands.
Your metabolism is lightning-fast.
You like to eat raw meat.
Your natural rate of healing is unusually fast.
You are covered in fur. (AC +1)
You have extremely tough skin. (AC +3)


Message History

* * * LOW HITPOINT WARNING * * *
Agnes hits you with a +0 lajatang.
* * * LOW HITPOINT WARNING * * *
Your vampire barely misses Agnes.
Your vampire bites Agnes.
Your vampire draws strength from Agnes's injuries!
You claw Agnes!
Agnes is heavily wounded.
Agnes completely misses you.
Unknown command.
You mangle Agnes!!
Agnes is severely wounded.
Agnes hits you with a +0 lajatang!
* * * LOW HITPOINT WARNING * * *
Your vampire hits Agnes!
Your vampire closely misses Agnes.
Unknown command.
Okay, then.
You offer yourself to Yredelemnul, and are filled with unholy energy.
Agnes hits you with a +0 lajatang!
You die...
Your body rises from the dead as a mindless zombie.

#################################
z...#.⌠._._._._.⌠.#..M...#....##∩
#.(.'.._._._._._..'..#...#....'.)
#...#..._._._._...#..###'##.(.##∩
##'##.._._._._._..#..##∩∩M'...###
'...#._._._._._.⌠.#############
#...##################
#####♣♣♣♣♣W.♣.###V).?+
#..'......♣z.♣##@i#..#
...#♣..♣♣♣.♣).###.# '#
...#.♣♣.)♣...♣'..$# ♣ #####
############


You could see Agnes and a friendly vampire.

Vanquished Creatures
  3 oklob plants (D)
  A burning bush (D)
  A queen bee (D)
  A hornet (D)
  3 wandering mushrooms (D)
  2 scorpions (D)
  2 killer bees (D)
  5 oklob saplings (D)
  A worker ant (D)
  3 spriggans (D)
  A river rat (D)
  A rat (D)
24 creatures vanquished.

Vanquished Creatures (collateral kills)
  A spriggan druid (D)
  2 burning bushes (D)
  A queen bee (D)
  A hornet (D)
  2 killer bees (D)
7 creatures vanquished.

Vanquished Creatures (others)
  4 flying skulls (D)
  A vampire (D)
  3 wraiths (D)
  A mummy (D)
  A ballistomycete spore (D)
10 creatures vanquished.

Grand Total: 41 creatures vanquished

Notes
Turn   | Place    | Note
-------+----------+-------------------------------------------
     0 | D        | nuthulu the Troll Monk began the quest for the Orb.
     0 | D        | Reached XP level 1. HP: 22/22 MP: 0/0
     7 | D        | Reached XP level 2. HP: 31/31 MP: 1/1
    16 | D        | Noticed an oklob sapling
    22 | D        | Killed an oklob sapling
    22 | D        | Reached skill level 4 in Unarmed Combat
    22 | D        | Reached XP level 3. HP: 39/39 MP: 2/2
    25 | D        | Found the amulet of invisibility {+Inv}
    31 | D        | Reached skill level 5 in Unarmed Combat
    80 | D        | Found an opulent altar of Gozag.
    80 | D        | Found a hazy altar of Hepliaklqana.
    80 | D        | Found a burning altar of Makhleb.
    80 | D        | Found a sparkling altar of Nemelex Xobeh.
    80 | D        | Found a sacrificial altar of Ru.
    80 | D        | Found a deep blue altar of Sif Muna.
    80 | D        | Found an ornate altar of the Wu Jian Council.
    80 | D        | Found a shimmering altar of Xom.
    80 | D        | Found a basalt altar of Yredelemnul.
    81 | D        | Found a viscous altar of Jiyva.
    81 | D        | Found a roughly hewn altar of Beogh.
    81 | D        | Found a snail-covered altar of Cheibriados.
    81 | D        | Found a bloodstained altar of Trog.
    81 | D        | Noticed an oklob sapling priest
    82 | D        | Found an iron altar of Okawaru.
    82 | D        | Found a shadowy altar of Dithmenos.
    82 | D        | Found a glowing silver altar of Zin.
    83 | D        | Found an ancient bone altar of Kikubaaqudgha.
    83 | D        | Found a hide-covered altar of Uskayaw.
    84 | D        | Found a stormy altar of Qazlal.
    84 | D        | Found a white marble altar of Elyvilon.
    84 | D        | Found a glowing golden altar of the Shining One.
    85 | D        | Found a corrupted altar of Lugonu.
    85 | D        | Found a radiant altar of Vehumet.
    89 | D        | Killed an oklob sapling priest
    89 | D        | Reached skill level 5 in Fighting
    89 | D        | Reached skill level 5 in Dodging
    89 | D        | Reached skill level 6 in Unarmed Combat
    89 | D        | Reached XP level 4. HP: 50/50 MP: 0/3
   119 | D        | Became a worshipper of Yredelemnul the Dark
   119 | D        | Reached * piety under Yredelemnul
   119 | D        | Reached ** piety under Yredelemnul
   134 | D        | Reached XP level 5. HP: 18/57 MP: 4/4
   213 | D        | Reached skill level 7 in Unarmed Combat
   216 | D        | Reached *** piety under Yredelemnul
   236 | D        | Found Riulojosch's Antique Weapon Shop.
   236 | D        | Found Sytiw's Distillery.
   240 | D        | Bought a potion of heal wounds for 50 gold pieces
   243 | D        | Noticed a burning bush
   243 | D        | Noticed a wandering mushroom
   244 | D        | Noticed a wandering mushroom
   251 | D        | Reached XP level 6. HP: 68/68 MP: 5/5
   282 | D        | Killed a wandering mushroom
   282 | D        | Reached skill level 9 in Unarmed Combat
   282 | D        | Received a gift from Yredelemnul (a mummy)
   417 | D        | Killed a wandering mushroom
   417 | D        | Reached XP level 7. HP: 64/79 MP: 6/6
   423 | D        | Killed a burning bush
   423 | D        | Reached skill level 10 in Unarmed Combat
   483 | D        | Found Yhusahe's Weapon Shoppe.
   484 | D        | Found the +9 sword of Zonguldrok {reap}
   484 | D        | Found Nampym Tuasch's Antique Weapon Emporium.
   525 | D        | Reached **** piety under Yredelemnul
   578 | D        | Noticed a queen bee
   599 | D        | Reached skill level 1 in Invocations
   606 | D        | Killed a queen bee
   606 | D        | Reached XP level 8. HP: 42/91 MP: 6/8
   616 | D        | Received a gift from Yredelemnul (4 flying skulls)
   842 | D        | Noticed an oklob plant
   848 | D        | Killed an oklob plant
   848 | D        | Reached skill level 11 in Unarmed Combat
   860 | D        | Noticed a burning bush
   867 | D        | Killed a burning bush
   867 | D        | Reached ***** piety under Yredelemnul
   898 | D        | Noticed a burning bush
   898 | D        | Noticed an oklob plant
   899 | D        | Noticed a wandering mushroom
   930 | D        | Killed an oklob plant
   930 | D        | Reached skill level 5 in Invocations
   930 | D        | Received a gift from Yredelemnul (a wraith)
   933 | D        | Reached XP level 9. HP: 32/101 MP: 9/11
   933 | D        | Killed a burning bush
   933 | D        | Reached skill level 10 in Fighting
   933 | D        | Reached skill level 10 in Dodging
   935 | D        | Killed a wandering mushroom
  1056 | D        | Noticed a spriggan druid
  1065 | D        | Killed a spriggan druid
  1065 | D        | Reached skill level 12 in Unarmed Combat
  1066 | D        | Received a gift from Yredelemnul (a wraith)
  1093 | D        | Noticed an oklob plant conjurer
  1097 | D        | Killed an oklob plant conjurer
  1098 | D        | Received a gift from Yredelemnul (a vampire)
  1129 | D        | Killed a queen bee
  1136 | D        | Noticed a spriggan rider
  1140 | D        | Killed a spriggan rider
  1140 | D        | Reached ****** piety under Yredelemnul
  1140 | D        | Reached XP level 10. HP: 65/113 MP: 14/14
  1140 | D        | Received a gift from Yredelemnul (a wraith)
  1140 | D        | Received a gift from Yredelemnul (a vampire)
  1149 | D        | Noticed Agnes
  1157 | D        | Slain by Agnes

Skill      XL: |  1  2  3  4  5  6  7  8  9 |
---------------+----------------------------+-----
Fighting       | 3 5 6 7 8 9 11 | 11.0
Dodging        | 3 5 6 7 8 9 11 | 11.0
Unarmed Combat | 4 6 7 9 10 11 12 | 12.7
Invocations    | 2 5 7 |  7.7
Stealth        | |  1.0

Action                   |  1- 3 |  4- 6 |  7- 9 | 10-12 || total
-------------------------+-------+-------+-------+-------++-------
Melee: Unarmed           |    14 |    23 |    60 |     2 ||    99
       Punch             |     2 |       |     4 |       ||     6
Invok: Injury Mirror     |       |       |       |     1 ||     1
 Abil: Evoke Invisibilit |     1 |       |     1 |       ||     2
  Use: Potion            |       |       |     4 |       ||     4
 Stab: Sleeping          |     1 |       |       |       ||     1
       Distracted        |       |       |     1 |       ||     1
  Eat: Chunk             |       |     1 |     1 |       ||     2
       Ration            |       |       |     2 |       ||     2
Armor: Robe              |     2 |     1 |    11 |       ||    14
Dodge: Dodged            |     3 |     9 |    57 |     1 ||    70
